 Dungeon Crawl Stone Soup version 0.27-a0-652-g2d5cf1dcd3 (webtiles) character file.

Game seed: 18250680921867128819

27459 OutcastIllithid the Destroyer (level 13, 0/74 (79) HPs)
             Began as an Octopode Conjurer on Mar 15, 2021.
             Was an Elder of Sif Muna.
             Slain by a fire bat (7 damage)
             ... in a Gauntlet on Mar 16, 2021.
             The game lasted 02:00:11 (22801 turns).

OutcastIllithid the Destroyer (Octopode Conjurer)  Turns: 22801, Time: 02:00:12

HP:   0/74 (79)     AC:  3    Str: 10    XL:     13   Next: 32%
MP:   26/31         EV: 16    Int: 32    God:    Sif Muna [****..]
Gold: 563           SH:  0    Dex:  7    Spells: 7/24 levels left

rFire    . . .     SeeInvis .   S - staff of conjuration
rCold    . . .     Faith    .   (no shield)
rNeg     . . .     Spirit   .   (helmet restricted)
rPois    +         Reflect  .   h - amulet of magic regeneration
rElec    +         Harm     .   f - +6 ring of strength
rCorr    .         Rampage  .   y - ring of protection from fire
Will     .....     NoTele   +   C - ring of Mutualism {+Inv rElec rF- Int+6 Dex-3}
Stlth    +++.......             J - ring of poison resistance
HPRegen  0.22/turn              F - +4 ring of evasion
MPRegen  0.47/turn              R - ring of magical power
                                (no ring)
                                (no ring)

@: very slightly contaminated, drained, invisible
A: almost no armour, amphibious, 8 rings, camouflage 1, gelatinous body 1,
nimble swimmer 1, tentacles, iridescent scales 1, weak 1
a: Renounce Religion, Evoke Invisibility, Channel Magic, Forget Spell, Divine
Exegesis


You were in a Gauntlet.
You worshipped Sif Muna.
Sif Muna was greatly pleased with you.
You visited 4 branches of the dungeon, and saw 15 of its levels.
You also visited: Gauntlet.

You collected 1012 gold pieces.
You spent 449 gold pieces at shops.

Inventory:

Hand Weapons
 a - a +2 mace of protection
 s - a +1 spear of flaming
 u - the +6 dagger of the Dragonfly {venom, Str+3 Dex-2}
   (You found it on level 4 of the Dungeon)

   It poisons the flesh of those it strikes.
   It affects your strength (+3).
   It affects your dexterity (-2).
 x - a +0 trident
 A - a +1 dagger of draining
 H - a +2 vorpal long sword
 U - a +0 dagger of chaos
Magical Staves
 E - a staff of air
 K - a staff of death
 S - a staff of conjuration (weapon)
Jewellery
 f - a +6 ring of strength (left tentacle)
 h - an amulet of magic regeneration (around mantle)
 p - an amulet of guardian spirit
 y - a ring of protection from fire (right tentacle)
 C - the ring of Mutualism (on tentacle) {+Inv rElec rF- Int+6 Dex-3}
   (You found it on level 7 of the Dungeon)

   [ring of intelligence]

   It affects your intelligence (+6).
   It affects your dexterity (-3).
   It makes you vulnerable to fire.
   It insulates you from electricity.
   It lets you turn invisible.
 F - a +4 ring of evasion (on tentacle)
 J - a ring of poison resistance (on tentacle)
 R - a ring of magical power (on tentacle)
Wands
 o - a wand of random effects (18)
 q - a wand of mindburst (9)
 v - a wand of polymorph (36)
 B - a wand of paralysis (3)
 Q - a wand of iceblast (6)
Scrolls
 c - 3 scrolls of teleportation
 e - a scroll of blinking
 g - 3 scrolls of enchant weapon
 i - 2 scrolls of fear
 j - a scroll of noise
 k - 3 scrolls of enchant armour
 z - 2 scrolls of amnesia
 G - a scroll of immolation
 V - a scroll of summoning {unknown}
Potions
 b - 4 potions of brilliance
 d - 4 potions of curing
 l - 2 potions of attraction
 m - 2 potions of magic
 n - 2 potions of lignification
 r - 2 potions of cancellation
 t - 2 potions of might
 w - a potion of flight
 L - a potion of resistance
 M - a potion of ambrosia
 T - a potion of heal wounds {unknown}
Miscellaneous
 I - a tin of tremorstones (2/2)


   Skills:
 - Level 4.2 Fighting
 - Level 2.0 Dodging
 - Level 2.6 Stealth
 - Level 6.1 Spellcasting
 + Level 13.4 Conjurations
 - Level 7.1 Hexes
 - Level 4.0 Translocations
 - Level 9.3 Invocations
 - Level 12.0 Evocations


You had 7 spell levels left.
You knew the following spells:

 Your Spells              Type           Power      Damage    Failure   Level
a - Magic Dart            Conj           100%       1d8       1%          1
b - Searing Ray           Conj           100%       3d7       1%          2
c - Dazzling Flash        Conj/Hex       100%       N/A       1%          3
d - Gell's Gravitas       Tloc           17%        N/A       2%          3
e - Iskenderun's Mystic   Conj/Tloc      78%        2d16      1%          4
f - Fulminant Prism       Conj/Hex       42%        3d20      1%          4

Your spell library contained the following spells:

 Spells                   Type           Power      Damage    Failure   Level
 Confusing Touch          Hex            53%        N/A       1%          3
 Metabolic Englaciation   Hex/Ice        16%        N/A       28%         5
 Yara's Violent Unravell  Hex/Tmut       16%        3d8       28%         5
 Petrify                  Tmut/Erth      9%         N/A       41%         4


Dungeon Overview and Level Annotations

Branches:
Dungeon (12/15)            Temple (1/1) D:7            Lair (1/6) D:11
    Orc (1/2) D:12        Gauntlet (1/1)

Altars:
Ashenzari
Cheibriados
Dithmenos
Elyvilon
Fedhas
Gozag
Hepliaklqana
Kikubaaqudgha
Makhleb
Nemelex Xobeh
Okawaru
Qazlal
Ru
Sif Muna
Trog
Uskayaw
Vehumet
Wu Jian
Xom
Yredelemnul
Zin
The Shining One
Beogh

Shops:
D:4 *   D:5 ?*   D:8 *[:   D:10 :(**[   D:11 [   Orc:1 ?

Annotations:
Gauntlet 11 transporters, 21 runed translucent doors, exclusion: orange crystal statue


Innate Abilities, Weirdness & Mutations

You cannot wear most types of armour.
You are amphibious.
You can wear up to eight rings at the same time.
Your skin changes colour to match your surroundings (Stealth+).
Your rubbery body absorbs attacks. (AC +1, EV +1)
You are stealthy while swimming. (Stealth+)
You have tentacles for arms and can constrict up to eight enemies at once.
You are partially covered in iridescent scales. (AC +2)
You are weak. (Str -2)


Message History

Your fulminant prism resists.
The fire crab bites your fulminant prism!
Your fulminant prism is engulfed in flames.
Your fulminant prism resists.
The fire crab claws your fulminant prism!
Your fulminant prism detonates feebly.
The fire bat closely misses you. x2
Casting: Fulminant Prism (mildly dangerous; 1% risk of failure)
Confirm with . or Enter, or press ? or * to list all spells.
Aiming: Searing Ray (safe; 1% risk of failure)
Press: ? - help, Shift-Dir - straight line, f - fire crab
Aim: a fire crab (8% to evade)
You feel a surge of power!
The searing ray misses the fire bat.
The searing ray hits the fire crab.
The fire crab is lightly wounded. (Press . to maintain the ray.)
The fire bat misses you. The fire bat closely misses you.
The fire bat bites you but does no damage.
The fire crab breathes flames at you.
The blast of flame engulfs the fire bat.
The fire bat completely resists.
The fire bat bites you.
You are engulfed in flames!
Unknown command.
The searing ray hits the fire bat!
The fire bat is heavily wounded.
The searing ray hits the fire crab!
The fire crab is lightly wounded.
The fire bat bites you.
You are engulfed in flames!
The fire bat bites you.
You are engulfed in flames!
The fire bat bites you.
You are engulfed in flames!
* * * LOW HITPOINT WARNING * * *
The fire bat bites you.
* * * LOW HITPOINT WARNING * * *
You are engulfed in flames.
* * * LOW HITPOINT WARNING * * *
Unknown command.
The fire bat bites you but does no damage.
The fire bat bites you.
* * * LOW HITPOINT WARNING * * *
You are engulfed in flames!
You die...

.........≈∩≈............≈###
...©.............©.......#8#
#########...###########..###
.......##...#....#.t..#..#
#.....#Y#.∩.#.°.#°#...#..###
.#...#..#...#.°#°°.#..#..#8#
..#©#...#...#.#°°#..#.#..###
...#....#...##bb#b#..##..#
..#.#...#...#..#@..#..#..###
.#...#..#...#.#..#..#.#..#8#
#.....#.#...##..#.#..##..###
Y.(©.(.##...#.[#.©.#.:#..#
#########...###########..###
.#.©.#....≈....#.©.#.....#8#
.#...#...≈8§...#...#.8...###
.#.©.#....≈....#.©.#.....#
#########...###########..###


You could see a fire crab (wandering) and 3 fire bats.

Vanquished Creatures
  A sphinx (D:12)
  An orc warlord (D:12)
  Harold (Orc:1)
  Josephine (Orc:1)
  A boulder beetle (D:11)
  The ghost of ReteAZ the Slicer, a journeyman DsFi of Gozag (D:11)
  Erolcha (D:11)
  A hydra (Lair:1)
  Erica (D:11)
  2 two-headed ogres
  2 unseen horrors
  Pikel (D:6)
  3 ugly things
  A cyclops (D:12)
  The ghost of Azunone the Sneak, a novice DEVM of Dithmenos (D:6)
  5 cane toads (Lair:1)
  Maggie (D:8)
  Psyche (D:11)
  A komodo dragon (Lair:1)
  A rime drake (Lair:1)
  2 trolls
  5 slime creatures (D:11)
  A dream sheep (shapeshifter) (D:12)
  Sigmund (D:6)
  3 wraiths (Orc:1)
  4 shadows
  A vampire (D:12)
  Eustachio (D:6)
  11 yaks
  A wyvern (D:12)
  Grum (D:8)
  A steam dragon (D:12)
  A vampire mosquito (D:12)
  Duvessa (D:6)
  2 water moccasins (Lair:1)
  A hornet zombie (D:10)
  A necrophage (D:10)
  4 sky beasts
  11 orc warriors
  3 ice beasts
  3 black bears
  10 wolves
  7 centaurs
  9 ogres
  2 phantoms
  2 lemures (D:6)
  3 bullfrogs
  3 gnoll sergeants
  A water moccasin zombie (D:9)
  5 scorpions
  4 troll zombies (D:12)
  Dowan (D:6)
  6 killer bees (D:9)
  3 howler monkeys (D:11)
  4 bullfrog zombies
  2 centaur zombies
  A quasit (D:10)
  4 orc priests
  12 hounds
  2 gnoll shamans (D:10)
  4 jellies
  8 iguanas
  An iron imp (D:6)
  4 orc wizards
  5 worker ants
  4 ogre zombies (D:12)
  3 hound skeletons
  A howler monkey zombie (D:3)
  17 gnolls
  A howler monkey skeleton (D:3)
  10 adders
  A shadow imp (D:8)
  4 white imps
  2 ufetubi
  2 oozes
  2 adder zombies
  An adder skeleton (D:7)
  3 worms
  2 dart slugs
  4 leopard geckos
  50 orcs
  5 bats
  5 giant cockroaches
  12 goblins
  5 hobgoblins
  17 jackals
  5 kobolds
  7 quokkas
  2 ball pythons
  5 frilled lizards
  A giant cockroach zombie (D:3)
  3 goblin skeletons
  4 goblin zombies (D:12)
  6 hobgoblin zombies
  2 jackal skeletons
  A leopard gecko zombie (D:3)
  2 orc skeletons (D:12)
  16 orc zombies
  2 quokka zombies
  2 rats
  A fulminant prism (Orc:1)
400 creatures vanquished.

Vanquished Creatures (others)
  86 fulminant prisms
  6 fungi (Gauntlet)
  9 plants
  4 toadstools (D:1)
  A withered plant (D:3)
106 creatures vanquished.

Grand Total: 506 creatures vanquished

Notes
Turn   | Place    | Note
-------+----------+-------------------------------------------
     0 | D:1      | OutcastIllithid the Octopode Conjurer began the quest for
                  | the Orb.
     0 | D:1      | Reached XP level 1. HP: 11/11 MP: 3/3
    24 | D:1      | Reached XP level 2. HP: 7/18 MP: 0/5
    27 | D:1      | Learned a level 2 spell: Searing Ray
   264 | D:1      | Reached skill level 1 in Fighting
   581 | D:1      | Reached XP level 3. HP: 20/23 MP: 3/6
  1077 | D:1      | Learned a level 3 spell: Dazzling Flash
  1290 | D:2      | Reached skill level 5 in Conjurations
  1489 | D:2      | Reached XP level 4. HP: 29/29 MP: 5/7
  2172 | D:3      | Found a shimmering altar of Xom.
  2405 | D:3      | Reached XP level 5. HP: 34/34 MP: 3/8
  2868 | D:3      | Found a hazy altar of Hepliaklqana.
  3246 | D:3      | Reached skill level 6 in Conjurations
  3412 | D:4      | Reached XP level 6. HP: 41/41 MP: 4/9
  3456 | D:4      | Reached skill level 1 in Evocations
  3590 | D:4      | Found Sasyfry's Assorted Antiques.
  3680 | D:4      | Bought a scroll of identify for 34 gold pieces
  3680 | D:4      | Bought a dented peridot amulet for 85 gold pieces
  3680 | D:4      | Bought a scroll labelled QAISMA YZARGHYTA for 17 gold
                  | pieces
  3685 | D:4      | Learned a level 3 spell: Gell's Gravitas
  4031 | D:4      | Identified the +6 dagger of the Dragonfly {venom, Str+3
                  | Dex-2}
  4431 | D:4      | Reached XP level 7. HP: 45/45 MP: 5/11
  4500 | D:4      | Bought a scroll labelled FUGIOZX CAZUD for 17 gold pieces
  4507 | D:5      | Entered Level 5 of the Dungeon
  4510 | D:5      | Found a broken altar of Ashenzari.
  4533 | D:4      | Bought a white potion for 15 gold pieces
  4808 | D:5      | Identified the +2 scale mail of Loss {*Contam rC+++ rN++
                  | Regen+}
  4825 | D:5      | Reached skill level 1 in Translocations
  4895 | D:5      | Found Kyfrac's Assorted Antiques.
  5027 | D:5      | Found Nuzuom's Magic Scroll Shop.
  5035 | D:5      | Bought a scroll of identify for 24 gold pieces
  5035 | D:5      | Bought a scroll of identify for 24 gold pieces
  5576 | D:6      | Found a glowing golden altar of the Shining One.
  5577 | D:6      | Noticed Eustachio
  5613 | D:6      | Found an iron altar of Okawaru.
  5625 | D:6      | Killed Eustachio
  5626 | D:6      | Reached XP level 8. HP: 52/52 MP: 4/12
  5792 | D:6      | Found a runed translucent door.
  5792 | D:6      | Noticed Azunone's ghost (novice DEVM)
  5959 | D:6      | Gained mutation: You are weak. (Str -2) [potion of
                  | mutation]
  5959 | D:6      | Gained mutation: You are partially covered in iridescent
                  | scales. (AC +2) [potion of mutation]
  5968 | D:6      | Reached skill level 7 in Conjurations
  5980 | D:6      | Noticed Sigmund
  6052 | D:6      | Killed Sigmund
  6075 | D:6      | Noticed Duvessa
  6435 | D:6      | Noticed Pikel
  6468 | D:6      | Killed Pikel
  6469 | D:6      | Reached skill level 8 in Conjurations
  6469 | D:6      | Reached skill level 5 in Evocations
  6469 | D:6      | Reached XP level 9. HP: 44/58 MP: 7/13
  6474 | D:6      | Learned a level 4 spell: Iskenderun's Mystic Blast
  6857 | D:6      | Noticed Dowan
  6867 | D:6      | Killed Dowan
  6939 | D:6      | Killed Duvessa
  7325 | D:7      | Found a blossoming altar of Fedhas.
  7407 | D:4      | Bought a lead wand for 68 gold pieces
  7548 | D:7      | Identified the ring of Mutualism {+Inv rElec rF- Int+6
                  | Dex-3}
  7597 | D:7      | Found a staircase to the Ecumenical Temple.
  7639 | Temple   | Entered the Ecumenical Temple
  8361 | D:7      | Reached skill level 1 in Hexes
  8420 | D:7      | Reached skill level 9 in Conjurations
  8963 | D:4      | Bought a potion of curing for 51 gold pieces
  8988 | D:5      | Bought a scroll of blinking for 90 gold pieces
  8988 | D:5      | Bought a scroll of fog for 24 gold pieces
  9031 | D:8      | Upgraded the game from 0.27-a0-637-g3a9f0a9c12 to
                  | 0.27-a0-652-g2d5cf1dcd3
  9154 | D:8      | Found a white marble altar of Elyvilon.
  9181 | D:8      | Found a snail-covered altar of Cheibriados.
  9222 | D:8      | Found Saabby's Antique Armour Boutique.
  9307 | D:8      | Found Haofajikk's General Store.
  9430 | D:8      | Found an ornate altar of the Wu Jian Council.
  9473 | D:8      | Noticed Grum
  9508 | D:8      | Killed Grum
  9517 | D:8      | Reached skill level 10 in Conjurations
  9517 | D:8      | Reached XP level 10. HP: 35/64 MP: 4/16
  9522 | D:8      | Learned a level 4 spell: Fulminant Prism
  9705 | D:8      | Found a basalt altar of Yredelemnul.
  9801 | D:8      | Found Qenwonn's Book Shoppe.
  9956 | D:8      | Found a shimmering blue altar of Sif Muna.
  9959 | D:8      | Became a worshipper of Sif Muna the Loreminder
 10066 | D:8      | Noticed Maggie
 10081 | D:8      | Killed Maggie
 10376 | D:9      | Found a basalt altar of Yredelemnul.
 10556 | D:9      | Reached skill level 5 in Hexes
 10737 | D:9      | Found a bloodstained altar of Trog.
 11363 | D:6      | Killed Azunone's ghost
 11504 | D:9      | Found a bloodstained altar of Trog.
 11575 | D:9      | Found a basalt altar of Yredelemnul.
 12004 | D:10     | Entered Level 10 of the Dungeon
 12029 | D:10     | Noticed a two-headed ogre
 12030 | D:10     | Reached skill level 1 in Invocations
 12047 | D:10     | Found Oruidok's Antique Weapon Shoppe.
 12049 | D:10     | Reached * piety under Sif Muna
 12126 | D:10     | Killed a two-headed ogre
 12232 | D:10     | Found Geggusig's Armour Shoppe.
 12235 | D:10     | Found Siabedeu's General Store.
 12282 | D:10     | Found an iron altar of Okawaru.
 12318 | D:10     | Found Wydweum's Book Boutique.
 12344 | D:10     | Reached XP level 11. HP: 44/69 MP: 8/17
 12357 | D:10     | Reached skill level 5 in Invocations
 12364 | D:10     | Found a flagged portal.
 12559 | D:10     | Found Efogarch's Assorted Antiques.
 13026 | D:10     | Reached ** piety under Sif Muna
 13395 | D:10     | Found Siabedeu's General Store.
 13401 | D:10     | Found Geggusig's Armour Shoppe.
 13466 | D:10     | Found Oruidok's Antique Weapon Shoppe.
 13552 | D:10     | Found an iron altar of Okawaru.
 13744 | D:10     | Found Wydweum's Book Boutique.
 13929 | D:10     | Found Efogarch's Assorted Antiques.
 14258 | D:10     | Found an iron altar of Okawaru.
 14308 | D:10     | Found Oruidok's Antique Weapon Shoppe.
 14368 | D:10     | Found Wydweum's Book Boutique.
 14594 | D:10     | Found Siabedeu's General Store.
 14609 | D:10     | Found Geggusig's Armour Shoppe.
 14662 | D:10     | Found Efogarch's Assorted Antiques.
 14951 | D:11     | Found a runed translucent door.
 14954 | D:11     | Noticed ReteAZ's ghost (journeyman DsFi)
 15162 | D:11     | Noticed a boulder beetle
 15187 | D:11     | Killed a boulder beetle
 15348 | D:11     | Noticed Erica
 15361 | D:11     | Noticed a white ugly thing
 15362 | D:11     | Killed Erica
 15363 | D:11     | Reached skill level 11 in Conjurations
 15404 | D:11     | Killed a white ugly thing
 15476 | D:11     | Killed an unseen horror
 15810 | D:11     | Noticed a two-headed ogre
 15820 | D:11     | Killed a two-headed ogre
 15846 | D:11     | Noticed Erolcha
 15852 | D:11     | Killed Erolcha
 15951 | D:11     | Found a staircase to the Lair.
 15968 | D:11     | Found Deruena's Antique Armour Shoppe.
 16157 | D:11     | Found a runed translucent door.
 16381 | D:11     | Found a staircase to the Lair.
 16399 | D:11     | Found Deruena's Antique Armour Shoppe.
 16742 | D:11     | Killed ReteAZ's ghost
 17394 | D:12     | Killed an unseen horror
 17395 | D:12     | Reached skill level 5 in Spellcasting
 17395 | D:12     | Reached XP level 12. HP: 25/74 MP: 11/20
 18795 | D:11     | Found a staircase to the Lair.
 18813 | D:11     | Found Deruena's Antique Armour Shoppe.
 19579 | D:11     | Found a staircase to the Lair.
 19597 | D:11     | Found Deruena's Antique Armour Shoppe.
 19981 | D:12     | Reached *** piety under Sif Muna
 20398 | D:12     | Found a staircase to the Orcish Mines.
 20613 | D:12     | Reached skill level 10 in Evocations
 20702 | D:12     | Noticed a sphinx
 20778 | D:12     | Noticed Psyche
 20787 | D:11     | Killed Psyche
 21443 | D:12     | Killed a sphinx
 21455 | D:12     | Reached **** piety under Sif Muna
 21549 | D:12     | Found an ancient bone altar of Kikubaaqudgha.
 21551 | D:12     | Found a glowing silver altar of Zin.
 21575 | D:12     | Noticed an orc warlord
 21602 | D:12     | Killed an orc warlord
 21603 | D:12     | Reached skill level 12 in Conjurations
 21808 | Orc:1    | Entered Level 1 of the Orcish Mines
 21808 | Orc:1    | Found Dankam's Magic Scroll Emporium.
 21808 | Orc:1    | Noticed Josephine
 21808 | Orc:1    | Noticed Harold
 21817 | Orc:1    | Reached XP level 13. HP: 24/79 MP: 22/22
 21824 | Orc:1    | Killed Josephine
 21888 | Orc:1    | Killed Harold
 22080 | Lair:1   | Entered Level 1 of the Lair of Beasts
 22201 | Lair:1   | Reached skill level 13 in Conjurations
 22474 | Lair:1   | Found a gate leading to a gauntlet.
 22483 | Gauntlet | Entered a Gauntlet
 22483 | Gauntlet | Found a transporter.
 22483 | Gauntlet | Found a transporter.
 22511 | Gauntlet | Found a transporter.
 22511 | Gauntlet | Found a transporter.
 22526 | Gauntlet | Found a transporter.
 22528 | Gauntlet | Found a transporter.
 22530 | Gauntlet | Found a large runed translucent door.
 22531 | Gauntlet | Found a large runed translucent door.
 22532 | Gauntlet | Found a large runed translucent door.
 22532 | Gauntlet | Found a large runed translucent door.
 22532 | Gauntlet | Found a runed translucent door.
 22532 | Gauntlet | Found a runed translucent door.
 22533 | Gauntlet | Found a large runed translucent door.
 22533 | Gauntlet | Found a large runed translucent door.
 22533 | Gauntlet | Found a large runed translucent door.
 22533 | Gauntlet | Found a large runed translucent door.
 22534 | Gauntlet | Found a large runed translucent door.
 22534 | Gauntlet | Found a large runed translucent door.
 22535 | Gauntlet | Found a large runed translucent door.
 22535 | Gauntlet | Found a large runed translucent door.
 22536 | Gauntlet | Found a runed translucent gate.
 22536 | Gauntlet | Found a runed translucent gate.
 22536 | Gauntlet | Found a runed translucent gate.
 22538 | Gauntlet | Found a transporter.
 22548 | Gauntlet | Found a large runed translucent door.
 22549 | Gauntlet | Found a large runed translucent door.
 22558 | Gauntlet | Found a large runed translucent door.
 22558 | Gauntlet | Found a large runed translucent door.
 22559 | Gauntlet | Found a transporter.
 22562 | Gauntlet | Found a transporter.
 22566 | Gauntlet | Found a transporter.
 22576 | Gauntlet | Found a transporter.
 22580 | Gauntlet | Found a transporter.
 22801 | Gauntlet | Slain by a fire bat

Illustrated notes

Levels and vault maps discovered:
D:1:      ldierk_water_garden, layout_basic
D:2:      layout_rooms, minmay_misc_feat_room
D:3:      layout_rooms, general_overflow_altar, xom_butterflies, serial_undead,
          serial_undead_e, serial_undead_a, serial_undead_f, serial_undead_f,
          serial_undead_e
D:4:      layout_gridville, serial_shops, shop
D:5:      layout_rooms, cheibrodos_ashenzari_chains, serial_shops, shop, shop,
          chequers_serial_rivers_small_3
D:6:      layout_basic, nicolae_tso_besieged_by_evil, ebering_ghost_inner_flame,
          okawaru_gym_becter, uniq_duvessa, uniq_eustachio, uniq_pikel,
          uniq_sigmund
D:7:      minmay_inner_zag, layout_rooms, minmay_temple_entry_large_hall,
          fedhas_altar_2
D:8:      layout_basic, lemuel_round_altar, overflow_temple_1_default,
          lemuel_blue_sif_altar, serial_corexii_hall, corexii_hall_statues_x,
          corexii_hall_statues_x, chequers_hall_statues_corner_a,
          chequers_hall_statues_corner_a, chequers_hall_statues_y,
          chequers_hall_statues_y, basic_altar, serial_shops,
          kennysheep_mini_moat, shop, shop, elyvilon_altar_5, uniq_grum,
          uniq_maggie
D:9:      layout_irregular_city, trog_ov_bears_minmay, lemuel_round_altar
D:10:     layout_cave_pods, basic_altar, serial_shops, shop, shop,
          nicolae_shop_stone, nicolae_shop_overgrown_old_shop, kennysheep_mini,
          serial_gnoll_camp, gnoll_camp_mini_doghouse, grums_kennel,
          gnoll_camp_mini_basic, gnoll_camp_huts_basic, enter_bailey_6,
          chequers_hall_statues_y
D:11:     layout_basic, lair_entry_dummy, serial_shops, nicolae_shop_waterfront,
          ebering_ghost_reflecting_pool, uniq_erica, uniq_erolcha
D:12:     layout_roguey [special_room_orc], zombieorc2_lemuel,
          grunt_ministairs_3, jmf_multi_god_temple, uniq_psyche
Temple:   oiseaux_autumnal_temple
Lair:1:   layout_chaotic_city, gauntlet_entry_generic
Orc:1:    layout_diamond_mine, special_room [special_room_orc], serial_shops,
          shop_scrolls, basic_altar, uniq_josephine, uniq_harold
Gauntlet: gammafunk_gauntlet_hard_choice [gammafunk_gauntlet_arena_arrow_garden,
          nicolae_gauntlet_arena_x, nicolae_gauntlet_swirl,
          gammafunk_gauntlet_arena_split_diamond,
          minmay_gauntlet_arena_make_your_own_arena,
          gammafunk_gauntlet_arena_grid, nicolae_gauntlet_exit_dead_adventurers]

Skill      XL: |  1  2  3  4  5  6  7  8  9 10 11 12 13 |
---------------+----------------------------------------+-----
Fighting       | 1 2 3 4 |  4.2
Conjurations   | 5 6 8 10 11 12 13 | 13.4
Evocations     | 3 4 5 6 8 12 | 12.0
Spellcasting   | 3 4 5 6 |  6.1
Translocations | 4 |  4.0
Hexes          | 3 6 7 |  7.1
Invocations    | 4 9 |  9.3
Dodging        | |  2.0
Stealth        | |  2.6

Action                   |  1- 3 |  4- 6 |  7- 9 | 10-12 | 13-15 || total
-------------------------+-------+-------+-------+-------+-------++-------
Melee: Unarmed           |    20 |       |       |     5 |       ||    25
       Constrict         |     6 |    13 |    20 |    31 |       ||    70
       Tentacles         |     1 |    10 |     6 |    21 |       ||    38
       Dagger            |       |    60 |    80 |    87 |       ||   227
       Mace              |       |       |       |    49 |       ||    49
       Staff             |       |       |       |    12 |       ||    12
 Cast: Magic Dart        |    54 |    60 |    73 |   137 |    11 ||   335
       Searing Ray       |       |    12 |    37 |    77 |    20 ||   146
       Gell's Gravitas   |       |       |     3 |     2 |       ||     5
       Dazzling Flash    |       |       |     2 |     2 |       ||     4
       Fulminant Prism   |       |       |       |    78 |     9 ||    87
       Iskenderun's Myst |       |       |       |    21 |     6 ||    27
Invok: Channel Magic     |       |       |       |     3 |     1 ||     4
 Abil: Evoke Invisibilit |       |       |       |     1 |     2 ||     3
Evoke: Wand              |       |     1 |     1 |     9 |     1 ||    12
  Use: Scroll            |       |     4 |     9 |    11 |     3 ||    27
       Potion            |       |       |     1 |     2 |     3 ||     6
 Stab: Sleeping          |       |     5 |     2 |     1 |       ||     8
       Distracted        |       |       |       |     2 |       ||     2
Armor: Skin              |     2 |     2 |    19 |    33 |     8 ||    64
Dodge: Dodged            |    15 |    34 |    59 |   156 |    19 ||   283

Table legend: (Time is in decaauts)
 A = Elapsed time spent in this place.
 B = Non-inter-level travel time spent in this place.
 C = Inter-level travel time spent in this place.
 D = Time resting spent in this place.
 E = Time spent auto-exploring this place.
 F = Levels seen in this place.
 G = Mean time per level.
                   A        B        C        D        E       F      G
               +--------+--------+--------+--------+--------+-----+--------+
         Total |  22821 |  21420 |   1401 |   3272 |  13987 |  16 | 1426.3 |
       Dungeon |  21709 |  20347 |   1362 |   3103 |  13666 |  12 | 1809.1 |
        Temple |    285 |    247 |     38 |      0 |    243 |   1 |  285.0 |
          Lair |    403 |    403 |      0 |    125 |     78 |   1 |  403.0 |
  Orcish Mines |    105 |    105 |      0 |     44 |      0 |   1 |  105.0 |
      Gauntlet |    317 |    317 |      0 |      0 |      0 |   1 |  317.0 |
               +--------+--------+--------+--------+--------+-----+--------+

Top non-repeatable levels by time:
    D:11: 3925 daAuts
    D:10: 3229 daAuts
    D:12: 2846 daAuts
     D:6: 2360 daAuts
     D:9: 1553 daAuts
     D:1: 1287 daAuts
     D:8: 1250 daAuts
     D:7: 1213 daAuts
     D:3: 1204 daAuts
     D:4: 1155 daAuts
     D:2: 898 daAuts
     D:5: 785 daAuts
  Lair:1: 403 daAuts
Gauntlet: 317 daAuts
  Temple: 285 daAuts
